Cogmind - Beta 13 @@@ ROGUE MODE // 2024.04.27 @ 16:51:48 Player: Jason Result: Destroyed by S-10 Pest with Light Assault Rifle Performance ------------- Evolutions (0) 0 Regions Visited (4) 800 Robots Destroyed (18) 90 Value Destroyed (488) 488 Prototype IDs (27) 540 Alien Tech Used (0) 0 Bonus (300) 300 TOTAL SCORE: 2218 Bonus ------- Aligned with FarCom 300 Cogmind --------- Core Integrity 0/250 Matter 255/300 Energy 160/160 System Corruption 1% Temperature Cool (0) Movement Walking (190) Ox1 Location -9/Mines Parts ------- > --- POWER (1) -------- Light Nuclear Core > --- PROPULSION (2) --- Aluminum Leg Aluminum Leg > --- UTILITY (2) ------ Medium Storage Unit Improved Light Armor Plating > --- WEAPON (2) ------- Particle Cannon Mining Claw > --- INVENTORY (10) --- Ion Engine Ion Engine Flying Fortress v7 Medium Matter Pod (100) Signal Interpreter Light Armor Plating Particle Gun Peak State ------------ > --- POWER ------------ Light Nuclear Core > --- PROPULSION ------- Aluminum Leg Aluminum Leg > --- UTILITY ---------- Medium Storage Unit Improved Light Armor Plating > --- WEAPON ----------- Particle Cannon Mining Claw > --- INVENTORY -------- Ion Engine Ion Engine Flying Fortress v7 Medium Matter Pod Signal Interpreter Light Armor Plating Particle Gun [Rating: 15] Favorites ----------- Power Ion Engine Engine Ion Engine Power Core Light Nuclear Core Propulsion Aluminum Leg Leg Aluminum Leg Wheel Compact Wheel Utility Medium Storage Unit Device Sensor Array Storage Medium Storage Unit Protection Improved Light Armor Plating Weapon Light Assault Rifle Energy Gun Medium Laser Energy Cannon Particle Cannon Ballistic Gun Light Assault Rifle Ballistic Cannon Light Cannon Slashing Weapon Mining Claw Build | -11 -10 -10 -10 -9 ------- Run | Yrd Mat Min Exi Min Slots Evolved . | . . . . . Power . | . . . . . Propulsion . | . . . . . Utility . | . . . . . Weapon . | . . . . . Parts Attached 29 | 7 12 8 2 . Power 6 | 2 3 1 . . Engine 5 | 2 3 . . . Core 1 | . . 1 . . Reactor . | . . . . . Propulsion 7 | 2 3 2 . . Treads . | . . . . . Leg 5 | . 3 2 . . Wheel 2 | 2 . . . . Hover . | . . . . . Flight . | . . . . . Utility 5 | 1 3 1 . . Device 2 | . 2 . . . Storage 2 | 1 1 . . . Processor . | . . . . . Hackware . | . . . . . Protection 1 | . . 1 . . Artifact . | . . . . . Weapon 11 | 2 3 4 2 . Energy Gun 1 | 1 . . . . Energy Cannon 4 | . 1 2 1 . Ballistic Gun 3 | 1 1 1 . . Ballistic Cannon 2 | . 1 1 . . Launcher . | . . . . . Special Weapon . | . . . . . Impact Weapon . | . . . . . Slashing Weapon 1 | . . . 1 . Piercing Weapon . | . . . . . Special Melee Weapon . | . . . . . Unidentified Prototypes . | . . . . . Parts Lost 8 | . 3 5 . . Power 1 | . . 1 . . Propulsion 4 | . 2 2 . . Utility 1 | . . 1 . . Weapon 2 | . 1 1 . . Highest Loss Streak 3 | . 2 3 . . To Critical Strikes . | . . . . . Average Slot Usage (%) 97 | . 99 93 97 100 Engine 8 | . 14 6 . . Core 4 | . . 7 14 14 Leg 19 | . 13 24 28 28 Wheel 7 | . 14 . . . Device 8 | . 13 6 . . Storage 14 | . 14 14 14 14 Protection 5 | . . 7 14 14 Energy Cannon 8 | . 5 12 12 14 Ballistic Gun 9 | . 14 7 . . Ballistic Cannon 6 | . 8 5 4 . Slashing Weapon 1 | . . . 9 14 Naked Turns . | . . . . . Heaviest Build 25 | 13 21 25 25 24 Greatest Support 32 | 32 32 20 20 20 Greatest Overweight (x) 6 | . 6 5 1 1 Average Overweight (x) . | . . 1 . 1 Largest Inventory Capacity 10 | 8 10 10 10 10 Average Capacity 9 | 7 9 10 10 10 Most Carried 10 | 1 10 10 10 10 Average Carried 8 | . 8 9 9 10 Final Capacity 10 | 8 10 10 10 10 Final Carried 10 | 1 10 10 10 10 Class Distribution -------------------- 66% | Mutant 33% | Scavenger-Mutant Dominant Class ---------------- Mutant | -10/Materials Mutant | -10/Mines Mutant | -10/Exiles Mutant | -9/Mines Resources | -11 -10 -10 -10 -9 ----------- Run | Yrd Mat Min Exi Min Matter Collected 821 | 256 397 168 . . Remotely . | . . . . . Salvage Created 572 | . 415 157 . . Parts 40 | . 29 11 . . Haulers Intercepted 1 | . 1 . . . Recyclers Shooed . | . . . . . Parts Field Recycled . | . . . . . Retrieved Matter . | . . . . . Parts Self-Destructed . | . . . . . Prevented . | . . . . . Kills | -11 -10 -10 -10 -9 ------- Run | Yrd Mat Min Exi Min Combat Hostiles Destroyed 16 | . 11 5 . . Guns 4 | . 2 2 . . Cannons 12 | . 9 3 . . Classes Destroyed 4 | . 4 . . . Hauler 1 | . 1 . . . Watcher 1 | . 1 . . . Swarmer 5 | . 2 3 . . Grunt 11 | . 9 2 . . Best Kill Streak 3 | . 3 2 . . Combat Bots Only 3 | . 3 2 . . Max Kills in Single Turn 1 | . 1 1 . . Gunslinging . | . . . . . Exploded . | . . . . . Melee . | . . . . . Uniques/NPCs Destroyed . | . . . . . Combat | -11 -10 -10 -10 -9 -------- Run | Yrd Mat Min Exi Min Hostile Shots Fired 145 | . 61 76 . 8 Missed 36 | . 18 16 . 2 Damage Taken 1199 | . 518 634 . 47 Core 254 | . 126 114 . 14 Absorbed by Shields . | . . . . . Core Remaining (%) 100 | 100 . . . . Volleys Fired 59 | 2 38 19 . . Largest 2 | 1 2 2 . . Hottest 124 | 20 88 124 . . Shots Fired 109 | 2 74 33 . . Gun 48 | 2 36 10 . . Cannon 61 | . 38 23 . . Launcher . | . . . . . Special . | . . . . . Kinetic 83 | 2 71 10 . . Thermal 22 | . 3 19 . . Explosive . | . . . . . Electromagnetic 4 | . . 4 . . Robot Hit Streak 12 | 2 12 4 . . Robot Miss Streak 7 | . 4 7 . . Penetration Max . | . . . . . Secondary Targets . | . . . . . Shots Hit Robots 54 | 2 38 14 . . Core Hits 27 | 1 19 7 . . Critical Kills . | . . . . . Critical Parts Destroyed . | . . . . . Critical Strikes 2 | . 2 . . . Blast 2 | . 2 . . . Melee Attacks . | . . . . . Impact . | . . . . . Slashing . | . . . . . Piercing . | . . . . . Sneak Attacks . | . . . . . Combat Hostiles . | . . . . . Follow-up Attacks . | . . . . . Damage Inflicted 785 | 16 535 234 . . Guns 242 | 16 174 52 . . Cannons 543 | . 361 182 . . Explosions . | . . . . . Melee . | . . . . . Ramming . | . . . . . Kinetic 542 | 16 474 52 . . Thermal 224 | . 61 163 . . Explosive . | . . . . . Electromagnetic 19 | . . 19 . . Impact . | . . . . . Slashing . | . . . . . Piercing . | . . . . . Highest Corruption 1 | . . 1 1 1 Average Corruption 1 | . . 1 1 1 Corruption Purged . | . . . . . Corruption Blocked . | . . . . . Effects 13 | . . 6 7 . Message Errors 1 | . . 1 . . Matter Fused 5 | . . 3 2 . Heat Flow Errors 1 | . . . 1 . Energy Discharges 1 | . . . 1 . Data Loss (minor) 2 | . . 1 1 . Data Loss (major) 3 | . . 1 2 . Overload Shots . | . . . . . Overflow Damage . | . . . . . Projectiles . | . . . . . Explosions . | . . . . . Melee . | . . . . . Knockbacks 4 | . 4 . . . Impact . | . . . . . Kinetic 4 | . 4 . . . Secondary . | . . . . . Self-Inflicted Damage . | . . . . . Shots . | . . . . . Rammed . | . . . . . Targets Rammed . | . . . . . Kicked . | . . . . . Crushed . | . . . . . Highest Temperature 420 | . 82 420 262 . Average Temperature 111 | . 30 202 134 . Received Heat Transfer 375 | . 264 111 . . Effects 7 | . . 7 . . Matter Decay 2 | . . 2 . . Short Circuit 1 | . . 1 . . Damage (major) 4 | . . 4 . . Siege Activations . | . . . . . Robots Corrupted . | . . . . . Combat Hostiles . | . . . . . Parts Fried . | . . . . . Impact Corruptions . | . . . . . Robots Melted . | . . . . . Combat Hostiles . | . . . . . Parts Melted . | . . . . . Heat Transferred 407 | . 111 296 . . Parts Sabotaged . | . . . . . Parts Stolen . | . . . . . Parts Stripped . | . . . . . Power Chain Reactions . | . . . . . Alert | -11 -10 -10 -10 -9 ------- Run | Yrd Mat Min Exi Min Peak Influence 156 | . 156 80 . . Initial . | . . . . . Average 50 | . 57 42 . . Maximum Alert Level . | . . . . . Low Security (%) 100 | 100 100 100 . 100 Level 1 . | . . . . . Level 2 . | . . . . . Level 3 . | . . . . . Level 4 . | . . . . . Level 5 . | . . . . . High Security . | . . . . . Max Security . | . . . . . Squads Dispatched 2 | . 2 . . . Investigation 1 | . 1 . . . Extermination . | . . . . . Reinforcement 1 | . 1 . . . Assault . | . . . . . Garrison . | . . . . . Intercept . | . . . . . Searches Triggered . | . . . . . Construction Impeded . | . . . . . Haulers Reinforced . | . . . . . Active Scanning Responses . | . . . . . Cargo Convoy Interrupts . | . . . . . Stealth | -11 -10 -10 -10 -9 --------- Run | Yrd Mat Min Exi Min Distress Signals 1 | . 1 . . . Communications Jammed . | . . . . . Distress Signals . | . . . . . Times Spotted 35 | . 23 8 . 4 Peak Tracking Total 4 | . 4 3 . . Tactical Retreats 4 | . 3 1 . . Traps | -11 -10 -10 -10 -9 ------- Run | Yrd Mat Min Exi Min Traps Triggered 2 | . . 2 . . Indirectly . | . . . . . Trap Hack Attempts . | . . . . . Triggered . | . . . . . Disarmed . | . . . . . Reprogrammed . | . . . . . Reused . | . . . . . Traps Extracted . | . . . . . Installed . | . . . . . Triggered . | . . . . . Machines | -11 -10 -10 -10 -9 ---------- Run | Yrd Mat Min Exi Min Machines Disabled 2 | . 1 1 . . Max in Single Turn 1 | . 1 1 . . Machines Repaired . | . . . . . Machines Dismantled . | . . . . . Machines Sabotaged . | . . . . . Overloaded Fab Kills . | . . . . . Hacking | -11 -10 -10 -10 -9 --------- Run | Yrd Mat Min Exi Min Machines Accessed 9 | . 7 1 1 . Terminals 6 | . 6 . . . Fabricators . | . . . . . Repair Stations . | . . . . . Recycling Units 1 | . 1 . . . Scanalyzers . | . . . . . Garrison Access . | . . . . . Total Hacks 27 | . 25 1 1 . Successful 14 | . 12 1 1 . Failed 13 | . 13 . . . Catastrophic . | . . . . . Database Lockouts . | . . . . . Manual 4 | . 3 . 1 . Terminals 23 | . 23 . . . Fabricators . | . . . . . Repair Stations . | . . . . . Recycling Units 2 | . 2 . . . Scanalyzers . | . . . . . Garrison Access . | . . . . . Terminal Hacks 12 | . 10 1 1 . Prototype ID Bank 2 | . 2 . . . Open Door 1 | . . 1 . . Branch Access Points 1 | . 1 . . . Emergency Access Points 2 | . 2 . . . Unreport Threat 1 | . 1 . . . Locate Traps 2 | . 2 . . . Hauler Manifests 1 | . 1 . . . Zone Layout 1 | . 1 . . . Derelict Proto ID Bank 1 | . . . 1 . Fabricator Hacks . | . . . . . Repair Station Hacks . | . . . . . Recycling Unit Hacks 2 | . 2 . . . Report Inventory 1 | . 1 . . . Retrieve Components 1 | . 1 . . . Scanalyzer . | . . . . . Garrison Access Hacks . | . . . . . Unauthorized Hacks . | . . . . . Terminals . | . . . . . Fabricators . | . . . . . Repair Stations . | . . . . . Recycling Units . | . . . . . Scanalyzers . | . . . . . Garrison Access . | . . . . . Data Cores Recovered . | . . . . . Used . | . . . . . Hacking Detections 6 | . 6 . . . Full Trace Events 2 | . 2 . . . Feedback Events . | . . . . . Feedback Blocked . | . . . . . Robot Schematics Acquired . | . . . . . Robots Built . | . . . . . Authchips . | . . . . . Time . | . . . . . Total Robot Build Rating . | . . . . . Part Schematics Acquired . | . . . . . Parts Built . | . . . . . Authchips . | . . . . . Time . | . . . . . Total Part Build Rating . | . . . . . Parts Repaired . | . . . . . Time . | . . . . . Parts Recycled . | . . . . . Recycled Matter . | . . . . . Retrieved Matter . | . . . . . Retrieved Components 7 | . 7 . . . Parts Scanalyzed . | . . . . . Part Schematics Acquired . | . . . . . Parts Damaged . | . . . . . Bothacking | -11 -10 -10 -10 -9 ------------ Run | Yrd Mat Min Exi Min Used RIF Installer . | . . . . . Robots Hacked . | . . . . . Non-combat . | . . . . . Combat . | . . . . . Robot Hacks Applied . | . . . . . Relay Couplers Released . | . . . . . Fabnet Peak Effective % . | . . . . . Robots Rewired . | . . . . . Allies Hacked . | . . . . . Hacks Repelled . | . . . . . Allies | -11 -10 -10 -10 -9 -------- Run | Yrd Mat Min Exi Min Total Allies . | . . . . . Largest Group . | . . . . . Highest-Rated Group . | . . . . . Highest-Rated Ally . | . . . . . Total Orders . | . . . . . Ally Attacks . | . . . . . Total Damage . | . . . . . Kills . | . . . . . Allies Corrupted . | . . . . . Allies Melted . | . . . . . Intel | -11 -10 -10 -10 -9 ------- Run | Yrd Mat Min Exi Min Robot Analysis Total . | . . . . . Derelict Logs Recovered 3 | . . 3 . . Drone Launches . | . . . . . Drone Recoveries . | . . . . . Exploration | -11 -10 -10 -10 -9 ------------- Run | Yrd Mat Min Exi Min Turns Passed 3431 | 60 1677 1061 630 3 Spaces Moved 1870 | 51 964 497 356 2 Core 15 | 9 1 5 . . Treads . | . . . . . Legs 1296 | . 446 492 356 2 Wheels 559 | 42 517 . . . Hover . | . . . . . Flight . | . . . . . Fastest Speed 50 | 50 100 120 120 190 Average Speed 155 | 91 131 194 175 190 Slowest Speed 350 | 100 350 300 190 190 Overloaded Moves . | . . . . . Propulsion Burnouts . | . . . . . Robots Hopped . | . . . . . Cave-ins Triggered . | . . . . . Exploration Rate (%) 44 | 3 72 79 62 4 Regions Visited 4 Branch Regions 3 Pre-discovered Areas 2 | . . 2 . . Known Exits Taken 1 | . 1 . . . Unknown Exits Taken 3 | 1 . 1 1 . Scrap Searched 1 | . . 1 . . Spaces Dug . | . . . . . Terrain Destroyed . | . . . . . Melee . | . . . . . Projectile . | . . . . . AOE . | . . . . . Terrain Rammed . | . . . . . Walls Destroyed . | . . . . . Machines Disabled . | . . . . . Actions | -11 -10 -10 -10 -9 --------- Run | Yrd Mat Min Exi Min Total 2299 | 59 1307 566 365 2 Wait 304 | . 274 30 . . Move 1866 | 50 963 496 355 2 Hop . | . . . . . Pick Up 17 | . 10 6 1 . Fast Attach 16 | 6 5 5 . . Attach 6 | . 1 3 2 . Detach 6 | . 2 2 2 . Swap 7 | 1 6 . . . Drop 17 | . 8 5 4 . Fire 59 | 2 38 19 . . Melee . | . . . . . Ram . | . . . . . Kick . | . . . . . Crush . | . . . . . Escape Stasis . | . . . . . Rewire 1 | . . . 1 . Trap . | . . . . . Miscellaneous . | . . . . . Route ------- -11/Scrapyard -10/Materials (discovered 4 exits: [*Mat x2] / *Min / [*Sub]) -10/Mines (discovered 3 exits: [*Mat x2] / *Exi) -10/Exiles -9/Mines History --------- Turn | Location | Event 16 | -11/Scrapyard | Discovered new exit (range 16) 61 | -11/Scrapyard | Entered Materials 310 | -10/Materials | Build established: Mutant 883 | -10/Materials | Discovered new exit (range 9) 919 | -10/Materials | Core integrity fell below 50% 1009 | -10/Materials | Discovered new exit (range 6) 1242 | -10/Materials | Build established: Scavenger-Mutant 1279 | -10/Materials | Discovered new exit (range 10) 1325 | -10/Materials | Identified exit to Mines 1670 | -10/Materials | Discovered new exit (range 5) 1738 | -10/Materials | Entered Mines 2069 | -10/Mines | Met a Derelict who couldn't figure out how to use a Trap Extractor 2079 | -10/Mines | Core integrity fell below 20% 2205 | -10/Mines | Learned Materials stockpile data 2238 | -10/Mines | Lost 3 parts (1p1n1u) 2266 | -10/Mines | Learned location of Storage (-7) 2450 | -10/Mines | Discovered new exit (range 13) 2528 | -10/Mines | Joined a pair of Derelicts in attacking an 0b10 outpost 2666 | -10/Mines | Build established: Mutant 2670 | -10/Mines | Discovered new exit (range 14) 2675 | -10/Mines | Learned location of Zion (-6) 2786 | -10/Mines | Deemed a non-threat by the Exiles lab entrance 2787 | -10/Mines | Discovered new exit (range 5) 2799 | -10/Mines | Entered Exiles 2866 | -10/Exiles | Met 8R-AWN 2912 | -10/Exiles | Met EX-HEX 3022 | -10/Exiles | Met EX-BIN 3051 | -10/Exiles | Aligned with FarCom system 3052 | -10/Exiles | Given EX-Vault access code 3091 | -10/Exiles | Opened EX-Vault 3105 | -10/Exiles | Found Flying Fortress v7 3184 | -10/Exiles | Warned to stay clear of 0b10 Research branches 3256 | -10/Exiles | Met EX-DEC 3391 | -10/Exiles | Discovered new exit (range 15) 3429 | -10/Exiles | Left Exiles lab with Flying Fortress v7 3429 | -10/Exiles | Entered Mines 3432 | -9/Mines | Destroyed by S-10 Pest with Light Assault Rifle Last Messages --------------- EX-BIN: And don't even think about spreading that code around. We're gonna change it right after you leave. Most certainly not to something like 1234 which I did last time as a little joke and some thief managed to sneak in here and steal a few of HEX's prototypes. 03233_ System corrupted: Component data lost. 03254_ System corrupted: Matter fused (-9). EX-DEC: Ah I see we have a visitor. One wrong move in here and I'll invert your atomic chain! 03258_ EX-DEC: "Oops, I hope HEX didn't hear that..." 03273_ Connecting with EX-Message Board... 03300_ System corrupted: Substantial component data lost. 03391_ EXIT=FOUND LOCATION=UNKNOWN GOAL=ESCAPE 03429_ Receiving FarCom transmissions... Map ----- +----------------------------------------------------+ | | | | | | | ?????????????????????????????????????????????????? | | ?????????????????????????????????????????????????? | | ?????????????????????????????????????????????????? | | ?????????????????????????????????????????????????? | | ?????????????????????????????????????????????????? | | ?????????????????????????????????????????????????? | | ????????????????????????s????????????????????????? | | ?????????????????????????????????????????????????? | | ?????????????????????????????????????????????????? | | ?????????????????????"??s????????????????????????? | | ?????????????????????"???????????????????????????? | | ????????????????????? ??s????????????????????????? | | ????????????????????? ???????????????????????????? | | ????????????????????? ??????????????????????????? | | ?????????????????????# ??????????????????????????? | | ?????????????????????#$??????????????????????????? | | ?????????????????????# ????#?????????????????????? | | ????????????????????## ??? #?????????????????????? | | ???????????????????## ##? #?????????????????????? | | ??????????????????## #? ##### #???????????????? | | ??????????# ### sss## #???????????????? | | ??????????# s $ #?????????????????????? | | ???????? @ #?????????????????????? | | ???????? ### ######?????????????????????? | | ????????? ??????###???????????????????????????? | | ?????????????????????????????????????????????????? | | ?????????????????????????????????????????????????? | | ?????????????????????????????????????????????????? | | ?????????????????????????????????????????????????? | | ?????????????????????????????????????????????????? | | ?????????????????????????????????????????????????? | | ?????????????????????????????????????????????????? | | ?????????????????????????????????????????????????? | | ?????????????????????????????????????????????????? | | ?????????????????????????????????????????????????? | | ?????????????????????????????????????????????????? | | ?????????????????????????????????????????????????? | | ??????????????????????????s??????????????????????? | | ?????????????????????????ss??????????????????????? | | ?????????????????????????????????????????????????? | | ?????????????????????????????????????????????????? | | ?????????????????????????????????????????????????? | | ?????????????????????????????????????????????????? | | ?????????????????????????????????????????????????? | | ?????????????????????????????????????????????????? | | ?????????????????????????????????????????????????? | | ?????????????????????????????????????????????????? | +----------------------------------------------------+ Best States ------------- Heat Dissipation 25 Energy Generation 14 Energy Capacity 250 Matter Stores 300 Matter Capacity 300 Sight Range 16 Robot Scan Range 14 Terrain Scan Range 14 Terrain Scan Density 10 Armor Coverage 150 Evasion (%) 55 Item Schematics ----------------- None Robot Schematics ------------------ None Fabricated ------------ Nothing Alien Tech Used ----------------- None Achievements -------------- None Challenges ------------ None Game ------ Seed SwarmXenonAutocannon Manual? 0 Play Time 00:28:44 Cumulative 36.2 hours Start 2024.04.27 @ 13:01:15 End 2024.04.27 @ 16:51:48 Sessions 1 Manual Loads 0 Difficulty Rogue Special Mode None Game No. 31 Rogue 31 Adventurer 0 Explorer 0 Win Type - Total 0 Types 0/0/0/0/0/0/0/0/0 Lore% 17 Gallery% 27 Achievement% 18 Wizard Run 0 Options --------- Layout 2 ASCII 0 Keyboard 1 Movement Arrows Keybinds 0 Fullscreen 2 Font 24/Smallcaps Map View 50x44 Zoom Use 0% Tactical HUD 1 Map Filters NONE Filters NONE Steam 1 RUN: 598cf2e3-3612-428b-9abb-80880acdef98